 Dungeon Crawl Stone Soup version 0.26-a0-1181-gd376ed14c5 (webtiles) character file.

Game seed: 6930313901171761962

38 vvl the Skirmisher (level 3, -7/33 HPs)
             Began as a Hill Orc Fighter on Dec 25, 2020.
             Mangled by a gnoll
             ... wielding a +0 spear
              (8 damage)
             ... on level 2 of the Dungeon.
             The game lasted 00:02:04 (1014 turns).

vvl the Skirmisher (Hill Orc Fighter)               Turns: 1014, Time: 00:02:04

Health: -7/33      AC:  6    Str: 19    XL:     3   Next: 43%
Magic:  3/3        EV:  7    Int:  8    God:
Gold:   50         SH:  9    Dex: 10    Spells: 2/2 levels left

rFire    . . .     SeeInvis .   a - +0 war axe
rCold    . . .     Faith    .   c - +0 kite shield
rNeg     . . .     Spirit   .   b - +0 scale mail
rPois    .         Reflect  .   (no helmet)
rElec    .         Harm     .   (no cloak)
rCorr    .         Rampage  .   (no gloves)
Will     .....                  (no boots)
Stlth    ..........             (no amulet)
HPRegen  0.11/turn              (no ring)
MPRegen  0.08/turn              (no ring)

@: no status effects
A: no striking features
a: no special abilities


You were on level 2 of the Dungeon.
You visited 1 branch of the dungeon, and saw 2 of its levels.

You collected 50 gold pieces.

Inventory:

Hand Weapons
 a - a +0 war axe (weapon)
 m - a +2 dagger of speed
Armour
 b - a +0 scale mail (worn)
 c - a +0 kite shield (worn)
Scrolls
 e - 6 scrolls of identify {unknown}
 g - a scroll of noise {unknown}
 i - a scroll of remove curse {unknown}
 n - 3 scrolls of magic mapping {unknown}
Potions
 d - 2 potions of might
 f - a potion of berserk rage {unknown}
 h - a potion of mutation {unknown}
 j - 2 potions of curing {unknown}
 k - a potion of haste {unknown}
 l - a potion of lignification {unknown}


   Skills:
 + Level 3.8 Fighting
 * Level 3.6 Axes
 + Level 3.5 Armour
 + Level 3.5 Shields
 + Level 0.8 Necromancy
 + Level 0.8 Fire Magic


You had 2 spell levels left.
You didn't know any spells.
Your spell library was empty.

Dungeon Overview and Level Annotations

Branches:
Dungeon (2/15)

Altars:


Message History

You barely miss the gnoll. You hit the frilled lizard.
You kill the frilled lizard!
You block the gnoll's attack. The gnoll hits you.
You hit the gnoll but do no damage.
The gnoll is almost dead.
You hit the gnoll.
The gnoll hits you from afar with a +0 spear.
The gnoll barely misses you. The gnoll hits you.
* * * LOW HITPOINT WARNING * * *
You block the gnoll's attack. The gnoll barely misses you.
You slash the gnoll!
You kill the gnoll!
You hit the gnoll. You block the gnoll's attack.
The gnoll hits you from afar with a +0 spear!
* * * LOW HITPOINT WARNING * * *
You block the gnoll's attack.
You hit the gnoll.
The gnoll is almost dead.
The gnoll hits you from afar with a +0 spear!
You die...

#. #. # #. .####
#.#####.....
.####.†.....#####
.....)...<.....?.
.##.#...g#.######
##.#g#.# #.@)..#
.........###
....###.## ..$
#.# . #.# #.# #.#
#.#


You could see 2 gnolls.

Vanquished Creatures
  2 gnolls (D:2)
  A hobgoblin (D:1)
  2 jackals (D:1)
  5 bats
  2 frilled lizards
  3 goblins (D:1)
  5 kobolds (D:1)
  A rat (D:2)
21 creatures vanquished.

Notes
Turn   | Place    | Note
-------+----------+-------------------------------------------
     0 | D:1      | vvl the Hill Orc Fighter began the quest for the Orb.
     0 | D:1      | Reached XP level 1. HP: 19/19 MP: 1/1
   327 | D:1      | Reached XP level 2. HP: 26/27 MP: 2/2
  1010 | D:2      | Reached XP level 3. HP: 19/33 MP: 3/3
  1013 | D:2      | HP: 1/33 [gnoll/+0 spear (7)]
  1014 | D:2      | Mangled by a gnoll

Illustrated notes

Levels and vault maps discovered:
D:1:      noname_arrival_rooms_in_the_neighbourhood, layout_basic
D:2:      layout_loops_ring

Skill      XL: |  1 |
---------------+----+-----
Axes           | 3 |  3.6
Fighting       | |  3.8
Armour         | |  3.5
Shields        | |  3.5
Necromancy     | |  0.8
Fire Magic     | |  0.8

Action                   || total
-------------------------++-------
Melee: War axe           ||    73
Armor: Scale mail        ||    37
Dodge: Dodged            ||    27
Block: Kite shield       ||    53

Table legend: (Time is in decaauts)
 A = Elapsed time spent in this place.
 B = Non-inter-level travel time spent in this place.
 C = Inter-level travel time spent in this place.
 D = Time resting spent in this place.
 E = Time spent auto-exploring this place.
 F = Levels seen in this place.
 G = Mean time per level.
                   A        B        C        D        E       F      G
               +--------+--------+--------+--------+--------+-----+--------+
         Total |   1044 |    996 |     48 |      0 |    836 |   2 |  522.0 |
       Dungeon |   1044 |    996 |     48 |      0 |    836 |   2 |  522.0 |
               +--------+--------+--------+--------+--------+-----+--------+

Top non-repeatable levels by time:
     D:1: 1019 daAuts
     D:2: 24 daAuts
